 Dungeon Crawl Stone Soup version 0.29-a0-275-g389c0b56f3 (webtiles) character file.

Game seed: 14337603070494915282

2 Hubjo the Charlatan (level 1, 0/16 HPs)
             Began as a Demonspawn Wanderer on Mar 9, 2022.
             Slain by a jackal (1 damage)
             ... on level 1 of the Dungeon.
             The game lasted 00:00:33 (248 turns).

Hubjo the Charlatan (Demonspawn Wanderer)            Turns: 248, Time: 00:00:34

Health: 0/16       AC:  3    Str: 10    XL:     1   Next: 33%
Magic:  2/2        EV: 12    Int: 11    God:
Gold:   0          SH:  0    Dex: 16    Spells: 2/2 levels left

rFire   . . .      SeeInvis .   a - +0 short sword
rCold   . . .      Faith    .   (no shield)
rNeg    . . .      Spirit   .   e - +0 robe
rPois   .          Reflect  .   (no helmet)
rElec   .          Harm     .   c - +0 cloak
rCorr   .          Rampage  .   (no gloves)
Will    .....                   (no boots)
Stlth   ++........              (no amulet)
HPRegen 0.05/turn               (no ring)
MPRegen 0.08/turn               (no ring)

@: no status effects
A: no striking features
a: no special abilities


You were on level 1 of the Dungeon.
You visited 1 branch of the dungeon, and saw 1 of its levels.

Inventory:

Hand Weapons
 a - a +0 short sword (weapon)
Armour
 c - a +0 cloak (worn)
 e - a +0 robe (worn)
Wands
 b - a wand of paralysis (15) (quivered)
Potions
 d - a potion of attraction
 f - a potion of degeneration {unknown}
 g - a potion of curing {unknown}
 h - a potion of flight {unknown}


   Skills:
 * Level 2.0 Fighting
 + Level 1.0 Short Blades
 + Level 1.8 Armour
 + Level 1.0 Dodging
 + Level 1.0 Stealth
 + Level 1.0 Spellcasting
 + Level 2.0 Evocations


You had 2 spell levels left.
You didn't know any spells.
Your spell library was empty.

Dungeon Overview and Level Annotations

Branches:
Dungeon (1/15)

Altars:


Message History

You kill the rat!
No target in view!
No target in view!
No target in view!
No target in view!
No target in view!
No target in view!
No target in view!
No target in view!
No target in view!
No target in view!
No target in view!
No target in view!
h - a cyan potion
Found a stone staircase leading down.
You open the door.
A jackal comes into view.
Found 6 gold pieces and a scroll labelled CYVOSA VEAXIURUE.
A jackal is nearby!
A ball python, a jackal and a hobgoblin come into view.
The ball python hisses angrily.
The hobgoblin shouts!
The jackal barks! x2
There is an open door here.
You barely miss the jackal. The ball python barely misses you. x3
The ball python grabs you. The ball python constricts you.
You closely miss the ball python. The jackal barely misses you.
The ball python barely misses you. The ball python constricts you.
The jackal bites you. x2
You closely miss the ball python. The ball python bites you.
The ball python constricts you. The jackal closely misses you.
The jackal bites you but does no damage.
You hit the ball python.
You kill the ball python!
The jackal bites you. x2
* * * LOW HITPOINT WARNING * * *
The jackal bites you.
* * * LOW HITPOINT WARNING * * *
The jackal bites you.
* * * LOW HITPOINT WARNING * * *
The jackal attacks as you move away! The jackal bites you.
You die...

######.#####
#........?.#
#..........#
#..........#
#...$......#
#..........#
#....hhg...#
############@#######
#>.................+
#.####.#####.#######
#.# #.#
#.####.#####.#####..
#...................
######.#####.#####..
........# #.#
######### #.#


You could see 2 jackals and a hobgoblin.

Vanquished Creatures
  2 ball pythons (D:1)
  A rat (D:1)
3 creatures vanquished.

Notes
Turn   | Place    | Note
-------+----------+-------------------------------------------
     0 | D:1      | Hubjo the Demonspawn Wanderer began the quest for the Orb.
     0 | D:1      | Hubjo set off with the following items: a +0 short sword, a
                  | wand of paralysis (15), a +0 cloak, a potion of attraction,
                  | a +0 robe
     0 | D:1      | Reached XP level 1. HP: 16/16 MP: 2/2
   248 | D:1      | Slain by a jackal

Illustrated notes

Levels and vault maps discovered:
D:1:      psy_arrival_heroes, layout_basic,
          dreamdust_ecumenical_altar_angels_and_demons, minmay_misc_feat_doors,
          minmay_pentomino_x4

Action                   || total
-------------------------++-------
Melee: Short sword       ||    10
Armor: Robe              ||     2
Dodge: Dodged            ||     9

Table legend: (Time is in decaauts)
 A = Elapsed time spent in this place.
 B = Non-inter-level travel time spent in this place.
 C = Inter-level travel time spent in this place.
 D = Time resting spent in this place.
 E = Time spent auto-exploring this place.
 F = Levels seen in this place.
 G = Mean time per level.
                   A        B        C        D        E       F      G
               +--------+--------+--------+--------+--------+-----+--------+
         Total |    248 |    248 |      0 |      0 |    217 |   1 |  248.0 |
       Dungeon |    248 |    248 |      0 |      0 |    217 |   1 |  248.0 |
               +--------+--------+--------+--------+--------+-----+--------+

Top non-repeatable levels by time:
     D:1: 248 daAuts
